 Dungeon Crawl Stone Soup version 0.31-a0-1042-ga9834b393d (webtiles) character file.

Game seed: 6174072697794064762

3696 kae the Vexing (level 9, 0/67 HPs)
             Began as a Demonspawn Enchanter on Nov 19, 2023.
             Was an Initiate of Dithmenos.
             Slain by a wolf (5 damage)
             ... led by Grum
             ... on level 8 of the Dungeon.
             The game lasted 00:07:15 (7854 turns).

kae the Vexing (Demonspawn Enchanter)               Turns: 7854, Time: 00:07:16

Health: 0/67       AC:  4    Str: 12    XL:     9   Next: 90%
Magic:  13/16      EV: 13    Int: 26    God:    Dithmenos [......]
Gold:   436        SH:  0    Dex: 15    Spells: 6/17 levels left

rFire   . . .        b - +2 dagger (speed)
rCold   + + .        (no shield)
rNeg    . . .        m - +1 leather armour "Kubluiq" {Rampage rPois rC++ Slay+2}
rPois   +            (no helmet)
rElec   .            (cloak unavailable)
rCorr   .            (no gloves)
SInv    .            (no boots)
Will    .....        (no amulet)
Stlth   +++          Z - ring of wizardry
HPRegen 0.31/turn    I - +6 ring of intelligence
MPRegen 0.15/turn

%: rampage, wizardry (x1)
@: no status effects
A: powered by pain 1, big brain 2, weakness stinger 3
a: Renounce Religion


You were on level 8 of the Dungeon.
You worshipped Dithmenos.
Dithmenos was noncommittal.
You visited 2 branches of the dungeon, and saw 9 of its levels.

You collected 436 gold pieces.


Innate Abilities, Weirdness & Mutations

You sometimes gain a little power by taking damage.
You have an extremely huge brain. (Int +4)
You have a sharp stinger which inflicts weakening toxins.


   Skills:
 + Level 4.8 Fighting
 * Level 6.2 Short Blades
 + Level 4.7 Dodging
 + Level 5.5 Stealth
 + Level 4.8 Spellcasting
 * Level 7.5 Hexes
 - Level 3.0 Ice Magic


You had 6 spell levels left.
You knew the following spells:

 Your Spells              Type           Power      Damage    Failure   Level
a - Ensorcelled Hibernat  Hex/Ice        66%        N/A       1%          2
b - Confusing Touch       Hex            45%        N/A       1%          3
c - Tukima's Dance        Hex            45%        N/A       1%          3
d - Dazzling Flash        Conj/Hex       50%        N/A       2%          3

Your spell library contained the following spells:

 Spells                   Type           Power      Damage    Failure   Level
 Freeze                   Ice            84%        1d9       1%          1
 Frozen Ramparts          Ice            42%        1d7       3%          3
 Kiss of Death            Conj/Necr      24%        2d7       4%          1
 Cigotuvi's Dreadful Rot  Necr/Pois/Air  12%        N/A       6%          2
 Lesser Beckoning         Tloc           12%        N/A       6%          2
 Hailstorm                Conj/Ice       14%        3d5       6%          3
 Gell's Gravitas          Tloc           6%         N/A       12%         3
 Teleport Other           Tloc           6%         N/A       12%         3
 Animate Dead             Necr           6%         N/A       36%         4
 Dispel Undead            Necr           6%         3d8       36%         4
 Death's Door             Necr           3%         N/A       100%        9

Inventory:

Hand Weapons
 a - a +2 dagger of venom
   (You took it off a goblin on level 3 of the Dungeon)
 b - a +2 dagger of speed (weapon)
   (You took it off a kobold on level 3 of the Dungeon)
 n - a +1 dagger
Missiles
 d - 63 stones
 h - a throwing net {=f!f}
 k - 31 poisoned darts
 x - 5 curare-tipped darts {=f}
 D - 4 boomerangs
Armour
 j - a +0 robe
 m - the +1 leather armour "Kubluiq" (worn) {Rampage rPois rC++ Slay+2}
   (You found it on level 3 of the Dungeon)

   Slay+2:    It affects your accuracy & damage with ranged weapons and melee
   (+2).
   rC++:      It greatly protects you from cold.
   rPois:     It protects you from poison Rampage: It bestows one free step when
   moving towards enemies.
 H - +0 steam dragon scales
   (You found it on level 7 of the Dungeon)
Magical Staves
 z - a staff of earth {!a}
   (You found it on level 6 of the Dungeon)
Jewellery
 E - a +5 ring of evasion
   (You found it on level 7 of the Dungeon)
 I - a +6 ring of intelligence (right hand)
   (You took it off an orc on level 4 of the Dungeon)
 R - a ring of resist corrosion
   (You found it on level 5 of the Dungeon)
 Z - a ring of wizardry (left hand)
   (You found it on level 3 of the Dungeon)
Wands
 f - a wand of charming (20)
   (You found it on level 7 of the Dungeon)
 o - a wand of polymorph (10)
   (You took it off Ijyb on level 4 of the Dungeon)
 w - a wand of quicksilver (14)
   (You found it on level 5 of the Dungeon)
 F - a wand of iceblast (9)
   (You found it on level 7 of the Dungeon)
Scrolls
 l - 2 scrolls of silence {!r}
 p - 5 scrolls of poison
 q - 2 scrolls of teleportation {@r4}
 r - a scroll of revelation
 t - a scroll of fog
 u - a scroll of enchant armour
 y - a scroll of torment {!r}
 K - a scroll of fear {unknown}
Potions
 c - 2 potions of invisibility
 e - 2 potions of might
 g - 4 potions of curing {@q1}
 i - a potion of attraction {!q}
 v - a potion of brilliance
 A - a potion of magic {unknown}
 B - 3 potions of ambrosia {unknown}
 C - 3 potions of lignification {!q}
 G - 2 potions of haste {@q3}
 J - a potion of cancellation {unknown}

Dungeon Overview and Level Annotations

Branches:
Dungeon (8/15) Zot: 26374  Temple (1/1) D:4 Zot: 5998
   Lair: D:8-11

Altars:
Ashenzari
Cheibriados
Dithmenos
Fedhas
Kikubaaqudgha
Makhleb
Nemelex Xobeh
Okawaru
Qazlal
Sif Muna
Trog
Vehumet
Wu Jian
Xom
Yredelemnul

Annotations:
D:7 1 transporter, Amnesiac's ghost, journeyman DjCj

...#.........#
...#.........#
...#.........#
.............#
###..........#
#)..########## #)###
############# #)#
#...........# ..##
#.......@)..+ #..#
#...h...hl..#
##'######...#####...#
#...........# ...#
#......[....# ...#
#............... ...#
#...#########...#...#
#...# .8.#.... #...#
..#


You could see a wyvern, a wolf and a howler monkey.


Message History

Unknown command.
You rampage towards Maggie!
A wolf comes into view.
Maggie hits you with a +0 morningstar!
You see here 14 gold pieces. 😮 HP[-8]
You take 8 damage, and now have 45/66 hp.
Casting: Ensorcelled Hibernation (safe; 1% risk of failure)
Confirm with . or Enter, or press ? or * to list all spells.
Aiming: Ensorcelled Hibernation (safe; 1% risk of failure)
Press: ? - help, Shift-Dir - straight line, f - Maggie
Aim: Maggie, wielding a +0 morningstar, wearing +0 steam dragon scales and carrying a wand of iceblast (mesmerising, chance to affect: 62%) Maggie looks drowsy...
You break out of your daze!
A wyvern comes into view.
The wolf bites you! 😮 HP[-7] MP[-2]
You take 7 damage, and now have 38/66 hp.
You lost 2 mp, and now have 14/16 mp.
Unknown command.
The helpless Maggie fails to defend herself.
You stick Maggie like a pincushion!!! The wolf bites you. 😮 HP[-1]
You take 1 damage, and now have 37/66 hp.
You completely miss Maggie. You tail-slap Maggie.
Maggie looks weaker.
The wolf bites you but does no damage. Maggie closely misses you. 😮 HP[+1]
You hit Maggie. The wolf bites you but does no damage.
You hit Maggie.
Your tail-slap misses Maggie.
The wolf barely misses you. Maggie hits you with a +0 morningstar!
* * * LOW HITPOINT WARNING * * *
Unknown command. 😨 HP[-9]
You take 9 damage, and now have 29/66 hp.
You hit Maggie but do no damage.
Unknown command.
You closely miss Maggie. The wolf closely misses you.
Unknown command.
You barely miss Maggie.
Your tail-slap misses Maggie.
Maggie gestures at you while chanting. The bolt of fire misses you.
The wolf closely misses you.
Unknown command.
You barely miss Maggie. The wolf barely misses you.
Unknown command.
You hit Maggie but do no damage. The wyvern bites you!
* * * LOW HITPOINT WARNING * * *
Maggie gives herself a magical halo, but it quickly sputters out.
Maggie gestures at you while chanting. The bolt of fire misses you.
The wolf bites you.
* * * LOW HITPOINT WARNING * * *
😨 HP[-12]
You take 12 damage, and now have 17/66 hp.
Unknown command.
You puncture Maggie! The wyvern bites you!
* * * LOW HITPOINT WARNING * * *
The wolf bites you.
* * * LOW HITPOINT WARNING * * *
😱 HP[-13]
You take 13 damage, and now have 4/66 hp.
Unknown command.
Okay, then.
Okay, then.
Okay, then.
You feel much better. Maggie hits you with a +0 morningstar.
* * * LOW HITPOINT WARNING * * *
The wyvern bites you.
* * * LOW HITPOINT WARNING * * *
The wolf bites you!
* * * LOW HITPOINT WARNING * * *
😨 HP[+13] MP[+1]
You regained 13 hp, and now have 17/66 hp.
You completely miss Maggie.
Maggie is no longer weakened.
The wyvern barely misses you. The wolf bites you!
* * * LOW HITPOINT WARNING * * *
Maggie barely misses you.
A howler monkey comes into view. 😱 HP[-8]
You take 8 damage, and now have 9/66 hp.
Unknown command.
The howler monkey howls!
You hit Maggie. You tail-slap Maggie.
You kill Maggie!
Dithmenos accepts your kill.
You hear a shout!
The wolf misses you.
The wyvern hisses menacingly.
The wyvern bites you.
* * * LOW HITPOINT WARNING * * *
😱 HP[-5]
You now have 67 max hp (+1).
You take 5 damage, and now have 4/67 hp.
Unknown command.
Casting: Ensorcelled Hibernation (safe; 1% risk of failure)
Confirm with . or Enter, or press ? or * to list all spells.
Aiming: Ensorcelled Hibernation (safe; 1% risk of failure)
Press: ? - help, Shift-Dir - straight line, f - wyvern
Aim: a wyvern (chance to affect: 62%)
The wyvern resists with significant effort.
The wolf barely misses you. The wyvern barely misses you. The wolf bites you.
You die...

Skill      XL: |  1  2  3  4  5  6  7  8  9 |
---------------+----------------------------+-----
Short Blades   | 1 2 3 5 6 |  6.2
Dodging        | 2 3 4 |  4.7
Stealth        | 3 4 5 |  5.5
Ice Magic      | 1 2 3 |  3.0
Fighting       | 1 2 3 4 |  4.8
Hexes          | 4 5 6 7 |  7.5
Spellcasting   | 3 4 |  4.8

Action                     |  1- 3 |  4- 6 |  7- 9 || total
---------------------------+-------+-------+-------++-------
  Melee: Dagger            |   122 |   117 |   277 ||   516
         Tailslap          |     4 |    15 |    38 ||    57
         Punch             |     1 |     1 |     4 ||     6
   Cast: Ensorcelled Hiber |     8 |    25 |    69 ||   102
         Confusing Touch   |       |     2 |     8 ||    10
    Use: Scroll            |     1 |     9 |     6 ||    16
         Potion            |       |     1 |     1 ||     2
   Stab: Sleeping          |    11 |    16 |    44 ||    71
         Confused          |       |     2 |     6 ||     8
         Distracted        |       |       |     1 ||     1
 Armour: Robe              |    57 |    11 |       ||    68
         Leather armour    |       |    46 |    94 ||   140
  Dodge: Dodged            |    90 |    42 |   108 ||   240

Levels and vault maps discovered:
D:1:      ncdulo_wetmaze, layout_loops_ring
D:2:      layout_rooms, minmay_misc_feat_hallway, minmay_pentomino_s4
D:3:      minmay_recursive_quarters, layout_rooms, uniq_natasha
D:4:      layout_loops_corners, mainiacjoe_overflow_alcove_2, temple_hall,
          amethyst_killhole, chequers_serial_rivers_micro_e, uniq_ijyb
D:5:      layout_loops_ring, ashenzari_altar_1, kennysheep_mini,
          jmf_multi_god_temple2, minmay_joined_circles
D:6:      layout_cave_pools
D:7:      layout_loops_corners, mainiacjoe_overflow_chevrons,
          gammafunk_ghost_smash
D:8:      kennysheep_blocky_room, layout_basic, mainiacjoe_overflow_paths,
          lemuel_tele_altar, nicolae_overflow_two_pavilions, uniq_maggie,
          uniq_erica, uniq_jeremiah, uniq_grum
Temple:   jpeg_temple_clearing

Notes
Turn   | Place    | Note
-------+----------+-------------------------------------------
     0 | D:1      | kae the Demonspawn Enchanter began the quest for the Orb.
     0 | D:1      | Reached XP level 1. HP: 13/13 MP: 3/3
     0 | D:1      | magus.rc [v1.11.3]
    80 | D:1      | Reached skill level 1 in Short Blades
    93 | D:1      | HP: 3/13 [endoplasm (2)]
   267 | D:1      | Gained mutation: You have an unusually large brain. (Int
                  | +2) [demonic ancestry]
   267 | D:1      | Reached XP level 2. HP: 19/19 MP: 5/5
   270 | D:1      | Learned a level 2 spell: Ensorcelled Hibernation
   417 | D:1      | HP: 3/19 [hobgoblin (5)]
   823 | D:2      | Reached skill level 2 in Dodging
   869 | D:2      | Gained mutation: You have a small tail. [demonic ancestry]
   869 | D:2      | Reached XP level 3. HP: 25/25 MP: 1/6
  1360 | D:3      | Noticed Natasha
  1365 | D:3      | Killed Natasha
  1366 | D:3      | Reached skill level 3 in Stealth
  1415 | D:3      | Gained mutation: You have an extremely huge brain. (Int +4)
                  | [demonic ancestry]
  1415 | D:3      | Reached XP level 4. HP: 28/31 MP: 4/7
  1651 | D:3      | Noticed Natasha
  1721 | D:3      | Killed Natasha
  1770 | D:3      | Reached skill level 2 in Short Blades
  1853 | D:3      | You pick up a book of Touch and begin reading...
  1853 | D:3      | You add the spells Kiss of Death and Dispel Undead to your
                  | library.
  1881 | D:3      | Identified the +1 leather armour "Kubluiq" {Rampage rPois
                  | rC++ Slay+2}
  1948 | D:3      | Reached skill level 1 in Ice Magic
  1961 | D:3      | Noticed Natasha
  1967 | D:3      | Killed Natasha
  1968 | D:3      | Reached skill level 1 in Fighting
  2016 | D:3      | You pick up a book of Displacement and begin reading...
  2016 | D:3      | You add the spells Lesser Beckoning, Gell's Gravitas and
                  | Teleport Other to your library.
  2053 | D:3      | You add the spells Cigotuvi's Dreadful Rot, Animate Dead
                  | and Death's Door to your library.
  2053 | D:3      | Got Sif Muna's Precepts of the Evil Eye and Death
  2285 | D:4      | Learned a level 3 spell: Confusing Touch
  2389 | D:4      | Reached XP level 5. HP: 37/37 MP: 8/8
  2464 | D:4      | You pick up a book of Frost and begin reading...
  2464 | D:4      | You add the spells Freeze, Frozen Ramparts and Hailstorm to
                  | your library.
  2533 | D:4      | Noticed an orc warrior
  2590 | D:4      | Killed an orc warrior
  2591 | D:4      | Reached skill level 4 in Hexes
  2591 | D:4      | Gained mutation: You sometimes gain a little power by
                  | taking damage. [demonic ancestry]
  2591 | D:4      | Reached XP level 6. HP: 17/43 MP: 6/9
  2709 | D:4      | Noticed Ijyb
  2734 | D:4      | Killed Ijyb
  3229 | D:4      | Reached skill level 2 in Fighting
  3229 | D:4      | Reached skill level 3 in Short Blades
  3262 | D:4      | Found a bloodstained altar of Trog.
  3485 | D:4      | Found a staircase to the Ecumenical Temple.
  3494 | Temple   | Entered the Ecumenical Temple
  3543 | D:5      | Entered Level 5 of the Dungeon
  3552 | D:5      | Learned a level 3 spell: Tukima's Dance
  3788 | D:5      | HP: 7/44 [gnoll/+0 flail (7)]
  3790 | D:5      | HP: 2/44 [gnoll/+0 flail (6)]
  3794 | D:5      | Gained mutation: You have a tail ending in a sharp stinger.
                  | [demonic ancestry]
  3794 | D:5      | Reached XP level 7. HP: 29/50 MP: 1/11
  3943 | D:5      | Reached skill level 3 in Spellcasting
  3943 | D:5      | Reached skill level 2 in Ice Magic
  4193 | D:5      | Found a large runed translucent door.
  4193 | D:5      | Found a large runed translucent door.
  4400 | D:5      | Reached skill level 3 in Dodging
  4400 | D:5      | Reached skill level 5 in Hexes
  4504 | D:5      | Reached skill level 4 in Stealth
  4511 | D:5      | Found a broken altar of Ashenzari.
  4606 | D:5      | Gained mutation: You have a sharp stinger which inflicts
                  | weakening toxins. [demonic ancestry]
  4606 | D:5      | Reached XP level 8. HP: 32/57 MP: 8/13
  4622 | D:5      | Reached skill level 4 in Short Blades
  4761 | D:5      | Reached skill level 3 in Fighting
  4943 | D:5      | Found a burning altar of Makhleb.
  5157 | D:5      | Found an iron altar of Okawaru.
  5166 | D:5      | Found an ornate altar of the Wu Jian Council.
  5177 | D:5      | Learned a level 3 spell: Dazzling Flash
  5521 | D:6      | Reached skill level 6 in Hexes
  5521 | D:6      | Reached skill level 3 in Ice Magic
  5803 | D:7      | Reached skill level 4 in Spellcasting
  5842 | D:7      | Found a transporter.
  5859 | D:7      | Reached skill level 5 in Short Blades
  5869 | D:7      | Reached XP level 9. HP: 52/65 MP: 5/15
  6171 | D:7      | Reached skill level 4 in Dodging
  6416 | D:7      | Noticed a troll
  6421 | D:7      | Killed a troll
  6422 | D:7      | Reached skill level 4 in Fighting
  6628 | D:7      | Reached skill level 5 in Stealth
  6888 | D:7      | Found a shadowy altar of Dithmenos.
  6950 | D:7      | Noticed Amnesiac's ghost (journeyman DjCj)
  6950 | D:7      | Identified the +3 dire flail of Lasseoj {speed, Fragile
                  | +Blink rCorr}
  6950 | D:7      | Identified the +5 great mace "Aqosuo" {pain, Will+ Str+3}
  6950 | D:7      | Noticed a two-headed ogre
  7133 | D:7      | Became a worshipper of Dithmenos the Shadowed
  7183 | D:8      | Noticed Jeremiah
  7190 | D:8      | Killed Jeremiah
  7191 | D:8      | Reached skill level 7 in Hexes
  7366 | D:8      | Found a stormy altar of Qazlal.
  7577 | D:8      | Reached skill level 6 in Short Blades
  7835 | D:8      | Noticed Maggie
  7850 | D:8      | HP: 7/66 [wyvern (10)]
  7853 | D:8      | Killed Maggie
  7854 | D:8      | Slain by a wolf

Vanquished Creatures
  Jeremiah (D:8)
  Maggie (D:8)
  A troll (D:7)
  A wyvern (D:8)
  A steam dragon (D:7)
  2 water moccasins
  A sky beast (D:6)
  3 orc warriors
  2 ogres
  A black bear (D:5)
  4 phantoms
  A kobold brigand (D:6)
  A bullfrog (D:7)
  2 scorpions
  6 orc priests
  4 hounds
  3 jellies
  3 sleepcaps
  Ijyb (D:4)
  6 orc wizards
  9 iguanas
  Natasha (thrice) (D:3)
  8 adders
  8 gnolls (D:5)
  A shadow imp (D:7)
  3 white imps (D:5)
  2 ufetubi (D:6)
  2 dart slugs
  26 orcs
  3 ball pythons
  9 bats
  6 endoplasms
  2 giant cockroaches
  5 goblins
  3 hobgoblins
  2 jackals (D:3)
  12 kobolds
  4 quokkas
  3 frilled lizards
  2 rats
158 creatures vanquished.

Table legend:
 A = Non-vault XP
 B = Vault XP
 C = Vault XP percentage of total XP
 D = Non-vault monster count
 E = Vault monster count
 F = Vault count percentage of total count
                 A         B        C        D         E       F
            +---------+---------+-------+---------+---------+-------
      Total |    3570 |    1710 |  32.4 |     123 |      35 |  22.2
            +---------+---------+-------+---------+---------+-------
        D:1 |      23 |       0 |   0.0 |      14 |       0 |   0.0
        D:2 |      21 |       6 |  22.2 |       6 |       3 |  33.3
        D:3 |     102 |      40 |  28.2 |      20 |       6 |  23.1
        D:4 |     364 |      36 |   9.0 |      14 |       1 |   6.7
        D:5 |     600 |     719 |  54.5 |      20 |      21 |  51.2
        D:6 |     615 |       0 |   0.0 |      10 |       0 |   0.0
        D:7 |    1194 |       0 |   0.0 |      15 |       0 |   0.0
        D:8 |     651 |     909 |  58.3 |      24 |       4 |  14.3
            +---------+---------+-------+---------+---------+-------

Skill      XL: |  1  2  3  4  5  6  7  8  9 |
---------------+----------------------------+-----
Short Blades   | 1 2 3 5 6 |  6.2
Dodging        | 2 3 4 |  4.7
Stealth        | 3 4 5 |  5.5
Ice Magic      | 1 2 3 |  3.0
Fighting       | 1 2 3 4 |  4.8
Hexes          | 4 5 6 7 |  7.5
Spellcasting   | 3 4 |  4.8

Action                     |  1- 3 |  4- 6 |  7- 9 || total
---------------------------+-------+-------+-------++-------
  Melee: Dagger            |   122 |   117 |   277 ||   516
         Tailslap          |     4 |    15 |    38 ||    57
         Punch             |     1 |     1 |     4 ||     6
   Cast: Ensorcelled Hiber |     8 |    25 |    69 ||   102
         Confusing Touch   |       |     2 |     8 ||    10
    Use: Scroll            |     1 |     9 |     6 ||    16
         Potion            |       |     1 |     1 ||     2
   Stab: Sleeping          |    11 |    16 |    44 ||    71
         Confused          |       |     2 |     6 ||     8
         Distracted        |       |       |     1 ||     1
 Armour: Robe              |    57 |    11 |       ||    68
         Leather armour    |       |    46 |    94 ||   140
  Dodge: Dodged            |    90 |    42 |   108 ||   240

Illustrated notes

Table legend:
 A = Kills in this place as a percentage of kills in the entire game.
 B = Kills by you in this place as a percentage of kills by you in the entire game.
 C = Kills by friends in this place as a percentage of kills by friends in the entire game.
 D = Other kills in this place as a percentage of other kills in the entire game.
 E = Experience gained in this place as a percentage of experience gained in the entire game.
 F = Experience gained in this place divided by the number of levels of this place that you have seen.
                   A       B       C       D       E      F
               +-------+-------+-------+-------+-------+----------------------
         Total | 100.0 | 100.0 |   N/A |   N/A | 100.0 | 586.7
       Dungeon | 100.0 | 100.0 |   N/A |   N/A | 100.0 | 660.0
               +-------+-------+-------+-------+-------+----------------------

Table legend: (Time is in decaauts)
 A = Elapsed time spent in this place.
 B = Non-inter-level travel time spent in this place.
 C = Inter-level travel time spent in this place.
 D = Time resting spent in this place.
 E = Time spent auto-exploring this place.
 F = Levels seen in this place.
 G = Mean time per level.
                   A        B        C        D        E       F      G
               +--------+--------+--------+--------+--------+-----+--------+
         Total |   7674 |   7398 |    276 |    508 |   5772 |   9 |  852.7 |
       Dungeon |   7673 |   7399 |    274 |    508 |   5772 |   8 |  959.1 |
        Temple |      1 |      0 |      1 |      0 |      0 |   1 |    1.0 |
               +--------+--------+--------+--------+--------+-----+--------+

Top non-repeatable levels by time:
     D:5: 1617 daAuts
     D:7: 1391 daAuts
     D:4: 1253 daAuts
     D:3: 1026 daAuts
     D:1: 773 daAuts
     D:8: 624 daAuts
     D:6: 529 daAuts
     D:2: 457 daAuts
  Temple: 1 daAuts
